PL
NEW ORLEANS VOODOO @ D.C. DIVIDED
06/13/2042
 
TOP OF THE 1ST
New Orleans Voodoo batting - Pitching for D.C. Divided : RHP Kent Martin
Pitching: RHP Kent Martin
Batting: LHB León Castillo 0-0: Ball
1-0: Foul Ball, location: 2F
1-1: Fly out, F8 (Flyball, 78D, EV 90.6 MPH)
Batting: RHB Jason Slaybaugh 0-0: Ball
1-0: Ball
2-0: Called Strike
2-1: Called Strike
2-2: DOUBLE (Groundball, 5L, EV 106.9 MPH)
Batting: LHB Aurelius Estrada 0-0: Ball
1-0: Foul Ball, location: 2F
1-1: DOUBLE (Line Drive, 5D, EV 100.0 MPH)
Jason Slaybaugh scores
Batting: LHB Derek Corbin 0-0: Called Strike
0-1: Called Strike
0-2: Ground out U3 (Groundball, 3, EV 77.5 MPH)
Aurelius Estrada to third
Batting: SHB Gerrie Bond 0-0: Ground out 5-3 (Groundball, 56S, EV 88.1 MPH)
Top of the 1st over - 1 run, 2 hits, 0 errors, 1 left on base; New Orleans 1 - D.C. 0
BOTTOM OF THE 1ST
D.C. Divided batting - Pitching for New Orleans Voodoo : LHP Sicnarf Loopstok
Pitching: LHP Sicnarf Loopstok
Batting: RHB Kimi Okubo 0-0: Ball
1-0: Ball
2-0: Fly out, F6 (Line Drive, 6, EV 69.4 MPH)
Batting: LHB Bill Butler 0-0: Ball
1-0: SINGLE (Line Drive, 4M, EV 96.2 MPH)
Batting: RHB Francisco Alhama 0-0: Ball
1-0: Ball
2-0: Called Strike
2-1: SINGLE (Groundball, 56D, EV 95.6 MPH)
Bill Butler to second
Batting: RHB Martín Chávez 0-0: Ball
1-0: Ball
2-0: Called Strike
2-1: Foul Ball, location: 2F
2-2: Foul Ball, location: 2F
2-2: Fly out, F8 (Line Drive, 8LM, EV 92.5 MPH)
Batting: LHB Buddy Patton 0-0: Called Strike
0-1: Ball
1-1: Foul Ball, location: 2F
1-2: Strikes out swinging
Bottom of the 1st over - 0 runs, 2 hits, 0 errors, 2 left on base; New Orleans 1 - D.C. 0
TOP OF THE 2ND
New Orleans Voodoo batting - Pitching for D.C. Divided : RHP Kent Martin
Batting: LHB Jonathan Gunner 0-0: Called Strike
0-1: Foul Ball, location: 2F
0-2: DOUBLE (Groundball, 5L, EV 106.2 MPH)
Batting: RHB Tony Calhoun 0-0: Ball
1-0: Ball
2-0: SINGLE (Groundball, 56D, EV 96.2 MPH)
Jonathan Gunner to third
Runner from 3rd tries for Home, SAFE, throw by LF to home
Batting: LHB Weston Doyle 0-0: Ball
1-0: Called Strike
1-1: Ball
2-1: Foul Ball, location: 2F
2-2: Foul Ball, location: 2F
2-2: Foul Ball, location: 2F
2-2: Foul Ball, location: 2F
2-2: Foul Ball, location: 2F
2-2: Grounds out, U3 (Groundball, 3L, EV 88.8 MPH)
Batting: RHB Petri Kallio 0-0: Foul Ball, location: 2F
0-1: SINGLE (Line Drive, 78M, EV 93.1 MPH)
Tony Calhoun to third
Batting: LHB León Castillo 0-0: Called Strike
0-1: Fielders Choice at 2nd, 1-6 (Groundball, 34S, EV 87.5 MPH)
Batting: RHB Jason Slaybaugh 0-0: Ball
1-0: Called Strike
1-1: Ball
2-1: Called Strike
2-2: SINGLE (Groundball, 56D, EV 96.2 MPH)
Tony Calhoun scores
León Castillo to second
Batting: LHB Aurelius Estrada 0-0: Ball
1-0: Swinging Strike
1-1: Foul Ball, location: 2F
1-2: Ball
2-2: Ground out 2-3 (Groundball, 13S, EV 71.9 MPH)
Top of the 2nd over - 2 runs, 4 hits, 0 errors, 2 left on base; New Orleans 3 - D.C. 0
BOTTOM OF THE 2ND
D.C. Divided batting - Pitching for New Orleans Voodoo : LHP Sicnarf Loopstok
Batting: RHB Layton Arntsen 0-0: Fly out, F8 (Flyball, 78M, EV 89.4 MPH)
Batting: LHB Manuel Carmona 0-0: Ball
1-0: Ground out U3 (Groundball, 34, EV 86.9 MPH)
Batting: RHB Dadabhvai Dattachaudhuri 0-0: Ball
1-0: Ball
2-0: Called Strike
2-1: Foul Ball, location: 2F
2-2: Ground out 5-3 (Groundball, 56, EV 104.4 MPH)
Bottom of the 2nd over - 0 runs, 0 hits, 0 errors, 0 left on base; New Orleans 3 - D.C. 0
TOP OF THE 3RD
New Orleans Voodoo batting - Pitching for D.C. Divided : RHP Kent Martin
Batting: LHB Derek Corbin 0-0: Ball
1-0: Ground out 4-3 (Groundball, 4, EV 79.4 MPH)
Batting: SHB Gerrie Bond 0-0: Ball
1-0: Ball
2-0: Ground out 1-3 (Groundball, 34S, EV 81.2 MPH)
Batting: LHB Jonathan Gunner 0-0: Ground out 6-3 (Groundball, 6, EV 110.6 MPH)
Top of the 3rd over - 0 runs, 0 hits, 0 errors, 0 left on base; New Orleans 3 - D.C. 0
BOTTOM OF THE 3RD
D.C. Divided batting - Pitching for New Orleans Voodoo : LHP Sicnarf Loopstok
Batting: LHB Jaako Haavisto 0-0: Swinging Strike
0-1: Swinging Strike
0-2: Strikes out swinging
Batting: RHB Kimi Okubo 0-0: Ball
1-0: Foul Ball, location: 2F
1-1: Ball
2-1: SOLO HOME RUN (Line Drive, 7LD, EV 100.0 MPH), Distance : 369 ft
Batting: LHB Bill Butler 0-0: Ball
1-0: Ground out 3-1 (Groundball, 34, EV 85.6 MPH)
Batting: RHB Francisco Alhama 0-0: Ball
1-0: Ball
2-0: Called Strike
2-1: Swinging Strike
2-2: Ground out 6-3 (Groundball, 6D, EV 99.4 MPH)
Bottom of the 3rd over - 1 run, 1 hit, 0 errors, 0 left on base; New Orleans 3 - D.C. 1
TOP OF THE 4TH
New Orleans Voodoo batting - Pitching for D.C. Divided : RHP Kent Martin
Batting: RHB Tony Calhoun 0-0: DOUBLE (Groundball, 5L, EV 103.8 MPH)
Batting: LHB Weston Doyle 0-0: Ball
1-0: DOUBLE (Groundball, 5L, EV 108.8 MPH)
Tony Calhoun scores
Batting: RHB Petri Kallio 0-0: Ball
1-0: Called Strike
1-1: Ground out 6-3 (Groundball, 6, EV 91.2 MPH)
Weston Doyle to third
Batting: LHB León Castillo 0-0: Called Strike
0-1: Foul Ball, location: 2F
0-2: Ball
1-2: Strikes out swinging
Batting: RHB Jason Slaybaugh 0-0: Called Strike
0-1: Fly out, F4 (Popup, 34, EV 64.4 MPH)
Top of the 4th over - 1 run, 2 hits, 0 errors, 1 left on base; New Orleans 4 - D.C. 1
BOTTOM OF THE 4TH
D.C. Divided batting - Pitching for New Orleans Voodoo : LHP Sicnarf Loopstok
Batting: RHB Martín Chávez 0-0: Fly out, F9 (Flyball, 9LSF, EV 90.0 MPH)
Batting: LHB Buddy Patton 0-0: Ball
1-0: Ball
2-0: Ball
3-0: Called Strike
3-1: Fly out, F5 (Popup, 56S, EV 85.0 MPH)
Batting: RHB Layton Arntsen 0-0: Ball
1-0: Ball
2-0: Fly out, F8 (Flyball, 8LXD, EV 100.6 MPH)
Bottom of the 4th over - 0 runs, 0 hits, 0 errors, 0 left on base; New Orleans 4 - D.C. 1
TOP OF THE 5TH
New Orleans Voodoo batting - Pitching for D.C. Divided : RHP Kent Martin
Batting: LHB Aurelius Estrada 0-0: Ball
1-0: Foul Ball, location: 2F
1-1: SINGLE (Flyball, 5D, EV 93.8 MPH)
Batting: LHB Derek Corbin 0-0: Fly out, F6 (Line Drive, 6, EV 65.0 MPH)
Batting: SHB Gerrie Bond 0-0: Foul Ball, location: 2F
0-1: Grounds into double play, 6-4-3 (Groundball, 6M, EV 83.1 MPH)
Top of the 5th over - 0 runs, 1 hit, 0 errors, 0 left on base; New Orleans 4 - D.C. 1
BOTTOM OF THE 5TH
D.C. Divided batting - Pitching for New Orleans Voodoo : LHP Sicnarf Loopstok
Batting: LHB Manuel Carmona 0-0: Ball
1-0: SINGLE (Line Drive, 89S, EV 95.6 MPH)
Batting: RHB Dadabhvai Dattachaudhuri 0-0: Ball
1-0: Called Strike
Manuel Carmona steals 2nd base
1-1: Sac Bunt to 15S - play at first, batter OUT! 1-4
Manuel Carmona to third
Batting: LHB Jaako Haavisto 0-0: Ground out U3 (Groundball, 3S, EV 73.1 MPH)
Batting: RHB Kimi Okubo 0-0: Called Strike
0-1: Ball
1-1: Foul Ball, location: 2F
1-2: Ball
2-2: Ball
3-2: Foul Ball, location: 2F
3-2: Ground out 6-3 (Groundball, 6, EV 91.9 MPH)
Bottom of the 5th over - 0 runs, 1 hit, 0 errors, 1 left on base; New Orleans 4 - D.C. 1
TOP OF THE 6TH
New Orleans Voodoo batting - Pitching for D.C. Divided : RHP Kent Martin
Batting: LHB Jonathan Gunner 0-0: SINGLE (Groundball, 6MD, EV 94.4 MPH)
Batting: RHB Tony Calhoun 0-0: Ball
Jonathan Gunner steals 2nd base
1-0: Fly out, F8 (Flyball, 78M, EV 93.1 MPH)
Batting: LHB Weston Doyle 0-0: Ball
1-0: TRIPLE (Line Drive, 89XD, EV 105.0 MPH)
Jonathan Gunner scores
Pitching: RHP John McNeill
Batting: RHB Petri Kallio 0-0: Called Strike
0-1: Ball
1-1: Fly out, F8 (Flyball, 8LM, EV 85.0 MPH)
Runner from 3rd tags up, SCORES, throw by CF
Batting: LHB León Castillo 0-0: Called Strike
0-1: Ball
1-1: Ground out 4-3 (Groundball, 4, EV 101.9 MPH)
Top of the 6th over - 2 runs, 2 hits, 0 errors, 0 left on base; New Orleans 6 - D.C. 1
BOTTOM OF THE 6TH
D.C. Divided batting - Pitching for New Orleans Voodoo : LHP Sicnarf Loopstok
Batting: LHB Bill Butler 0-0: Called Strike
0-1: Ball
1-1: Foul Ball, location: 2F
1-2: Fly out, F2 (Popup, 13S, EV 86.2 MPH)
Batting: RHB Francisco Alhama 0-0: Called Strike
0-1: Ball
1-1: Ground out 1-3 (Groundball, P, EV 81.2 MPH)
Batting: RHB Martín Chávez 0-0: Ground out 6-3 (Groundball, 6S, EV 70.0 MPH)
Bottom of the 6th over - 0 runs, 0 hits, 0 errors, 0 left on base; New Orleans 6 - D.C. 1
TOP OF THE 7TH
New Orleans Voodoo batting - Pitching for D.C. Divided : RHP John McNeill
Batting: RHB Jason Slaybaugh 0-0: SINGLE (Flyball, 8RS, EV 95.0 MPH)
Batting: LHB Aurelius Estrada 0-0: Ball
1-0: Foul Ball, location: 2F
1-1: 2-RUN HOME RUN (Flyball, 89XD, EV 98.1 MPH), Distance : 425 ft
Batting: LHB Derek Corbin 0-0: SINGLE (Groundball, 4, EV 103.8 MPH) (infield hit)
Batting: SHB Gerrie Bond 0-0: Ball
1-0: Called Strike
1-1: Called Strike
1-2: Fly out, F9 (Flyball, 9LS, EV 90.0 MPH)
Batting: LHB Jonathan Gunner 0-0: Called Strike
0-1: Ball
1-1: Called Strike
1-2: Ball
2-2: Ball
3-2: Fly out, F8 (Flyball, 8LXD, EV 98.1 MPH)
Batting: RHB Tony Calhoun 0-0: Ball
1-0: Ground out U3 (Groundball, 3, EV 85.6 MPH)
Top of the 7th over - 2 runs, 3 hits, 0 errors, 1 left on base; New Orleans 8 - D.C. 1
BOTTOM OF THE 7TH
D.C. Divided batting - Pitching for New Orleans Voodoo : LHP Sicnarf Loopstok
Pinch Hitting: LHB Francisco Castro 0-0: Hit by Pitch
Batting: RHB Layton Arntsen 0-0: Called Strike
0-1: SINGLE (Groundball, 4MD, EV 98.8 MPH)
Francisco Castro to second
Francisco Castro to third
Batting: LHB Manuel Carmona 0-0: Called Strike
0-1: Swinging Strike
0-2: Fly out, F7 (Flyball, 78S, EV 88.1 MPH)
Batting: RHB Dadabhvai Dattachaudhuri 0-0: Called Strike
0-1: Foul Ball, location: 2F
0-2: Foul Ball, location: 2F
0-2: Foul Ball, location: 2F
0-2: Foul Ball, location: 2F
0-2: SINGLE (Groundball, 3S, EV 85.6 MPH) (infield hit)
Francisco Castro scores
Layton Arntsen to second
Batting: LHB Jaako Haavisto 0-0: Ball
1-0: Fly out, F7 (Line Drive, 7, EV 95.6 MPH)
Batting: RHB Kimi Okubo 0-0: Foul Ball, location: 2F
0-1: Ball
1-1: Swinging Strike
Balk!
Layton Arntsen to third
Dadabhvai Dattachaudhuri to second
1-2: Ball
2-2: DOUBLE (Groundball, 5L, EV 98.8 MPH)
Layton Arntsen scores
Dadabhvai Dattachaudhuri scores
Pitching: RHP Grover Lowdermilk
Batting: LHB Bill Butler 0-0: Called Strike
0-1: Ball
1-1: Ball
2-1: Ball
3-1: Swinging Strike
3-2: Strikes out swinging
Bottom of the 7th over - 3 runs, 3 hits, 0 errors, 1 left on base; New Orleans 8 - D.C. 4
TOP OF THE 8TH
New Orleans Voodoo batting - Pitching for D.C. Divided : RHP John McNeill
Now at 1B: Francisco Castro
Batting: LHB Weston Doyle 0-0: Called Strike
0-1: Fly out, F5 (Popup, 56S, EV 76.2 MPH)
Batting: RHB Petri Kallio 0-0: Ball
1-0: Ground out 6-3 (Groundball, 6M, EV 105.0 MPH)
Batting: LHB León Castillo 0-0: Called Strike
0-1: Ball
1-1: Swinging Strike
1-2: Fly out, F7 (Flyball, 78S, EV 84.4 MPH)
Top of the 8th over - 0 runs, 0 hits, 0 errors, 0 left on base; New Orleans 8 - D.C. 4
BOTTOM OF THE 8TH
D.C. Divided batting - Pitching for New Orleans Voodoo : RHP Grover Lowdermilk
Batting: RHB Francisco Alhama 0-0: Called Strike
0-1: Ball
1-1: Fly out, F3 (Popup, 23F, EV 85.6 MPH)
Batting: RHB Martín Chávez 0-0: Ball
1-0: Swinging Strike
1-1: Ball
2-1: Fly out, F8 (Flyball, 8RXD, EV 78.1 MPH)
Batting: LHB Francisco Castro 0-0: Ball
1-0: Ground out 6-3 (Groundball, 56, EV 84.4 MPH)
Bottom of the 8th over - 0 runs, 0 hits, 0 errors, 0 left on base; New Orleans 8 - D.C. 4
TOP OF THE 9TH
New Orleans Voodoo batting - Pitching for D.C. Divided : RHP John McNeill
Batting: RHB Jason Slaybaugh 0-0: Foul Ball, location: 2F
0-1: Ball
1-1: Swinging Strike
1-2: Strikes out swinging
Batting: LHB Aurelius Estrada 0-0: Ball
1-0: Ball
2-0: Fly out, F9 (Flyball, 89S, EV 85.0 MPH)
Batting: LHB Derek Corbin 0-0: Ground out 4-3 (Groundball, 4M, EV 90.6 MPH)
Top of the 9th over - 0 runs, 0 hits, 0 errors, 0 left on base; New Orleans 8 - D.C. 4
BOTTOM OF THE 9TH
D.C. Divided batting - Pitching for New Orleans Voodoo : RHP Grover Lowdermilk
Batting: RHB Layton Arntsen 0-0: Called Strike
0-1: Called Strike
0-2: Ball
1-2: Ball
2-2: Foul Ball, location: 2F
2-2: Ground out 5-3 (Groundball, 5, EV 90.6 MPH)
Batting: LHB Manuel Carmona 0-0: Ball
1-0: Foul Ball, location: 2F
1-1: SINGLE (Groundball, 56, EV 106.9 MPH) (infield hit)
Batting: RHB Dadabhvai Dattachaudhuri 0-0: Ball
1-0: Foul Ball, location: 2F
1-1: Called Strike
1-2: Grounds into double play, 6-4-3 (Groundball, 6, EV 86.9 MPH)
Bottom of the 9th over - 0 runs, 1 hit, 0 errors, 0 left on base; New Orleans 8 - D.C. 4
Friday, March 26th, 2021 - OOTP Baseball 20.8 Build 74